 Dungeon Crawl Stone Soup version 0.16.1 (webtiles) character file.

326760 MDvedh the Spry (level 20, -28/126 HPs)
             Began as a Deep Elf Conjurer on Mar 23, 2015.
             Was the Champion of Ashenzari.
             Killed from afar by a frost giant (55 damage)
             ... with a bolt of cold
             ... on level 3 of the Vaults.
             The game lasted 03:39:45 (54175 turns).

MDvedh the Spry (Deep Elf Conjurer)                Turns: 54175, Time: 03:39:46

Health: -28/126    AC: 21    Str: 12      XL:     20   Next: 76%
Magic:  5/48       EV: 20    Int: 35 (37) God:    Ashenzari [******]
Gold:   700        SH:  7    Dex:  4 (11) Spells: 11 memorised, 7 levels left

rFire  + + +     SeeInvis +     m - +3 short sword (protect) (curse)
rCold  x x .     Clarity  +     H - +0 robe of Eternity {rCorr Int+6 Dex-2} (curse)
rNeg   + . .     SustAb   .     Y - +2 buckler (curse)
rPois  +         Gourm    .     A - +1 helmet {Int+3} (curse)
rElec  +         Spirit   .     S - +2 cloak "Wodoc" {rPois Slay+3} (curse)
rCorr  +         Warding  +     Z - +2 pair of gloves "Zogyu" {Contam rElec Str+2 Dex+2} (curse)
rMut   .         Stasis   .     D - +1 pair of boots "Igoeb" {rF+ MP+9} (curse)
MR     ++...                    F - brooch of Shielding {Ward rN+ AC+4 EV+4} (curse)
Stlth  ++++......               c - ring of stealth (curse)
                                l - +5 ring of strength (curse)

@: immune to fire clouds, very resistant to hostile enchantments, stealthy
A: blink 1, breathe flames 1, clumsy 2, deterioration 1, dopey 1, low mp 1,
regeneration 1
a: Blink, Scrying, Transfer Knowledge, Renounce Religion, Breathe Fire
}: 2/15 runes: decaying, serpentine


You were on level 3 of the Vaults.
You worshipped Ashenzari.
Ashenzari was exalted by your worship.
You were not hungry.

You visited 7 branches of the dungeon, and saw 42 of its levels.
You also visited: Labyrinth, Bailey and Ice Cave.

You collected 4786 gold pieces.
You spent 4086 gold pieces at shops.

Inventory:

Hand weapons
 m - a cursed +3 short sword of protection (weapon)
Armour
 A - a cursed +1 helmet of intelligence (worn)
 D - the cursed +1 pair of boots "Igoeb" (worn) {rF+ MP+9}
   (You found it on level 1 of the Lair of Beasts)

   It protects you from fire.
   It affects your magic capacity (+9).
   It has a curse placed upon it.
 H - the cursed +0 robe of Eternity (worn) {rCorr Int+6 Dex-2}
   (You bought it in a shop on level 4 of the Dungeon)

   It affects your intelligence (+6).
   It affects your dexterity (-2).
   It protects you from acid and corrosion.
   It has a curse placed upon it.
 S - the cursed +2 cloak "Wodoc" (worn) {rPois Slay+3}
   (You found it in a labyrinth)

   It affects your accuracy and damage with ranged weapons and melee attacks
   (+3).
   It protects you from poison.
   It has a curse placed upon it.
 Y - a cursed +2 buckler (worn)
 Z - the cursed +2 pair of gloves "Zogyu" (worn) {Contam rElec Str+2 Dex+2}
   (You acquired it on level 15 of the Dungeon)

   It affects your strength (+2).
   It affects your dexterity (+2).
   It insulates you from electricity.
   It causes magical contamination when unequipped.
   It has a curse placed upon it.
Jewellery
 c - a cursed ring of stealth (right hand)
 l - a cursed +5 ring of strength (left hand)
 q - an uncursed ring of fire
 F - the cursed brooch of Shielding (around neck) {Ward rN+ AC+4 EV+4}
   (You bought it in a shop on level 4 of the Orcish Mines)

   [amulet of warding]

   It may prevent the melee attacks of summoned creatures.
   It affects your AC (+4).
   It affects your evasion (+4).
   It protects you from negative energy.
   It has a curse placed upon it.
 G - an uncursed amulet of resist mutation
 P - an uncursed ring of ice
Magical devices
 s - a wand of teleportation (5)
 I - a wand of disintegration (16)
 L - a wand of heal wounds (5)
 R - a wand of digging (18)
Scrolls
 f - 10 scrolls of teleportation
 g - a scroll of blinking
 h - 12 scrolls of enchant armour
 k - a scroll of remove curse
 p - 2 scrolls of curse armour
 r - 5 scrolls of fog
 v - 5 scrolls of recharging
 y - 7 scrolls of magic mapping
 z - a scroll of curse jewellery
 C - 2 scrolls of curse weapon
 J - 5 scrolls of identify
 M - 2 scrolls of amnesia
 N - a scroll of summoning
 O - a scroll of brand weapon
 V - 3 scrolls of enchant weapon
 W - 5 scrolls of fear
Potions
 d - 6 potions of resistance
 e - 3 potions of cancellation
 i - 3 potions of agility
 j - 8 potions of haste
 o - 4 potions of magic
 t - 4 potions of invisibility
 u - 7 potions of restore abilities
 w - a potion of might
 B - 14 potions of curing
 K - 6 potions of brilliance
 Q - 6 potions of heal wounds
Books
 a - a book of Debilitation

   Spells                             Type                      Level
   a - Corona                         Hexes                        1
   b - Slow                           Hexes                        2
   c - Inner Flame                    Hexes/Fire                   3
   d - Enslavement                    Hexes                        4
   e - Cause Fear                     Hexes                        4
   f - Leda's Liquefaction            Hexes/Earth                  4
Comestibles
 b - 15 bread rations
 x - 22 fruits


   Skills:
 + Level 13.8 Fighting
 - Level 2.0(5.3) Short Blades
 + Level 19.7(23.3) Dodging
 - Level 2.4(6.0) Stealth
 - Level 6.6(9.7) Shields
 + Level 19.6 Spellcasting
 + Level 17.4(21.1) Conjurations
 - Level 10.6(14.8) Charms
 - Level 1.3(4.1) Transmutations
 + Level 17.9(21.6) Fire Magic


You had 7 spell levels left.
You knew the following spells:

 Your Spells              Type           Power        Failure   Level  Hunger
a - Magic Dart            Conj           ####         0%          1    None
b - Searing Ray           Conj           ######       0%          2    None
c - Iskenderun's Battles  Conj/Chrm      ########     1%          5    None
d - Fulminant Prism       Conj/Hex       #######...   1%          4    None
e - Flight                Chrm/Air       ######....   1%          3    None
f - Iskenderun's Mystic   Conj           ########     0%          4    None
g - Fireball              Conj/Fire      ########..   0%          5    None
h - Bolt of Fire          Conj/Fire      ########..   1%          6    None
i - Ignite Poison         Fire/Trmt      ########..   1%          5    None
q - Fire Storm            Conj/Fire      ########..   14%         9    ######.
r - Ring of Flames        Chrm/Fire      ########..   1%          7    #......


Dungeon Overview and Level Annotations

Branches:
Dungeon (15/15)            Temple (1/1) D:6            Lair (8/8) D:11
  Swamp (5/5) Lair:5        Snake (5/5) Lair:5        Slime (0/6) Lair:6
    Orc (4/4) D:12            Elf (0/3) Orc:3        Vaults (4/5) D:13
  Crypt (0/3) Vaults:3     Depths (0/5) D:15

Altars:
Ashenzari
Cheibriados
Dithmenos
Elyvilon
Fedhas
Gozag
Kikubaaqudgha
Makhleb
Nemelex Xobeh
Okawaru
Qazlal
Ru
Sif Muna
Trog
Vehumet
Xom
Yredelemnul
Zin
The Shining One
Beogh
Jiyva

Shops:
D:4 ([[(!   D:7 :   Orc:2 :   Orc:4 *(=[   Snake:3 *}*=!   Vaults:1 (
Vaults:2 (   Vaults:3 =   Vaults:4 :

Portals:
Hell: Lair:8
Trove: D:10 (give horn of Geryon)

Annotations:
D:3 Sigmund
D:12 exclusion: obsidian statue
Swamp:1 exclusion: Roxanne, Roxanne


Innate Abilities, Weirdness & Mutations

You are immune to clouds of flame.
You can translocate small distances at will.
You can breathe flames.
You are very clumsy. (Dex -4)
Your body is slowly deteriorating.
You are dopey. (Int -2)
Your magical capacity is low (-10% MP).
Your natural rate of healing is unusually fast.


Message History

Casting: Magic Dart
Confirm with . or Enter, or press ? or * to list all spells.
The air around you leaps into flame!
The frost giant gestures at you while chanting.
The bolt of cold hits you!
You feel a terrible chill!
Ouch! That really hurt!
* * * LOW HITPOINT WARNING * * *
You hear a sizzling sound!
Unknown command.
Unknown command.
The frost giant hits you with a battleaxe of freezing.
* * * LOW HITPOINT WARNING * * *
The frost giant freezes you.
* * * LOW HITPOINT WARNING * * *
Unknown command.
Unknown command.
The frost giant is engulfed in roaring flames.
The frost giant points at you and mumbles some strange words.
The bolt of cold hits you!
You feel a terrible chill!
You die...

#.........#...^..(#....
#.........#......(#....
#.........#...#...#...#
#.........#..#.#..#...#
###########...#...#....
#########.......#....
#......##.......#....
#......####'#########
#...@§§#....#..#....#
#.§§§.§'....#..#....#
#..§§§C#....#..#....#
#.§.§..#....#..#....#
#......#####'..'#####
#......#........(...#
########........).[('
#####'..'#####
#....#..#....#


You could see a frost giant.

Vanquished Creatures
  Saint Roka (Vaults:1)
  Nikola (Snake:5)
  Vashnia (Snake:2)
  A tentacled monstrosity (Vaults:3)
  Rupert (D:14)
  Agnes (Swamp:1)
  A sphinx (Vaults:4)
  A storm dragon (Vaults:3)
  A thorn hunter (Swamp:5)
  A tengu reaver (Vaults:4)
  6 greater nagas (Snake:5)
  2 fire giants (Vaults:4)
  Wiglaf (Vaults:1)
  Maud (Lair:5)
  An orc warlord (Orc:4)
  10 vault wardens
  Aizul (Snake:2)
  A deep elf sorcerer (Vaults:1)
  Gastronok (Lair:3)
  8 stone giants
  9 ironheart preservers
  A deep elf demonologist (Vaults:3)
  A deep elf annihilator (Vaults:2)
  3 dire elephants (Lair:8)
  An ettin (Vaults:4)
  Snorg (Snake:5)
  2 great orbs of eyes (Vaults:3)
  2 deep elf death magi (Vaults:1)
  A minotaur (Lab)
  8 yaktaur captains
  9 vault guards
  Josephine (Orc:3)
  Fannar (D:10)
  12 anacondas
  18 naga warriors
  Nessos (Swamp:2)
  5 rakshasas
  3 ice dragons
  An anaconda (shapeshifter) (Vaults:1)
  22 hydras
  Erica (Lair:3)
  13 centaur warriors
  A catoblepas (D:15)
  2 dancing weapons (D:14)
  5 alligators
  7 ogre magi
  A deep troll earth mage (Vaults:1)
  2 deep troll shamans (Vaults:1)
  6 death yaks
  20 naga sharpshooters
  2 orc high priests (Orc:4)
  Urug (D:13)
  The ghost of Sar the Thaumaturge, an experienced OpSu of Sif Muna (D:10)
  A fire crab (Vaults:3)
  6 salamander mystics
  10 shock serpents
  7 skeletal warriors (Vaults:3)
  A storm dragon skeleton (Vaults:3)
  2 deep elf knights
  2 spriggan druids
  2 giant orange brains
  8 naga ritualists
  2 necromancers (Vaults:4)
  2 deep trolls (Vaults:1)
  2 ice statues (IceCv)
  2 shambling mangroves
  11 swamp dragons
  4 lindwurms (Snake:5)
  2 unseen horrors
  13 orc knights
  A deep elf conjurer (Vaults:1)
  9 ironbrand convokers
  A wizard (Lair:8)
  An anubis guard (shapeshifter) (Vaults:2)
  39 ugly things
  5 hill giants
  A harpy (Vaults:2)
  4 hornets
  11 orc sorcerers
  A small abomination (Vaults:4)
  A cyclops (shapeshifter) (Vaults:1)
  A sphinx skeleton (Vaults:3)
  A manticore (D:11)
  5 cyclopes
  A tengu skeleton (Vaults:3)
  A fire giant zombie (Vaults:4)
  A water nymph (shapeshifter) (Vaults:2)
  An octopode (shapeshifter) (Vaults:1)
  16 elephants
  6 mana vipers
  A sixfirhy (Lair:8)
  8 griffons
  2 stone giant skeletons (Vaults:3)
  7 guardian serpents
  A guardian serpent (shapeshifter) (D:14)
  Maurice (D:9)
  4 orange demons
  11 salamanders
  3 wolf spiders
  Joseph (Orc:1)
  8 gargoyles
  15 vault sentinels
  2 human zombies (Vaults:4)
  27 yaktaurs
  A smoke demon (Lair:8)
  2 torpor snails
  49 black mambas
  A spiny frog (shapeshifter) (D:15)
  2 yaktaurs (shapeshifter)
  23 naga magi
  8 kobold demonologists
  An efreet (D:14)
  A fire drake (shapeshifter) (Vaults:4)
  8 komodo dragons
  A redback zombie (Vaults:3)
  21 spiny frogs
  A tengu conjurer (D:15)
  A hellwing (Lair:8)
  4 human skeletons
  A harpy zombie (D:15)
  5 fire drakes
  A jumping spider (shapeshifter) (Vaults:4)
  4 deep elf priests
  2 yaktaur skeletons (Vaults:4)
  A red devil (Lair:8)
  6 giant leeches
  A jumping spider (Vaults:3)
  2 polar bears (Lair:7)
  Sonja (D:12)
  7 freezing wraiths
  11 ravens
  A jumping spider zombie (Vaults:3)
  8 blink frogs
  7 bog bodies
  A slime creature (shapeshifter) (Vaults:2)
  4 baby alligators (Swamp:4)
  4 blue devils
  8 trolls
  A wandering mushroom (Lair:8)
  The ghost of McCoppin the Bolt Thrower, an average FoHu of Okawaru (D:4)
  5 boulder beetles
  A trapdoor spider zombie (D:12)
  18 slime creatures
  A shadow (D:15)
  11 two-headed ogres
  A basilisk (shapeshifter) (D:15)
  A baby alligator (shapeshifter) (Vaults:2)
  4 basilisks
  2 trapdoor spiders (shapeshifter)
  6 wraiths
  An ettin skeleton (Vaults:3)
  6 redbacks
  A trapdoor spider (D:14)
  2 wyverns (D:10)
  4 deep elf magi
  4 spriggans
  Eustachio (D:10)
  4 hungry ghosts
  A yaktaur simulacrum (Vaults:4)
  37 yaks
  11 deep elf fighters
  9 hippogriffs
  27 vampire mosquitoes
  A mottled dragon (Vaults:2)
  7 wolves
  The ghost of Zigurun the Magician, an average DsWz (D:3)
  3 insubstantial wisps (Swamp:1)
  2 humans (D:9)
  10 wargs
  A deep troll skeleton (Vaults:3)
  17 swamp worms
  38 water moccasins
  48 nagas
  A soldier ant (D:13)
  3 hell hounds (Lair:8)
  An eye of draining (shapeshifter) (D:15)
  9 porcupines
  5 sky beasts
  14 ice beasts
  A black bear (D:6)
  38 ogres
  An ettin simulacrum (Vaults:4)
  8 wasps
  4 phantoms
  An elf zombie (Vaults:4)
  45 orc warriors
  15 swamp drakes
  2 boring beetles (Lair:8)
  2 necrophages
  23 crocodiles
  8 big kobolds
  A yaktaur zombie (Vaults:3)
  16 centaurs
  Blork the orc (Orc:1)
  A gnoll sergeant (D:9)
  A wyvern zombie (D:12)
  10 giant frogs
  2 wyvern skeletons
  3 troll zombies (D:12)
  4 scorpions
  A warg zombie (Vaults:3)
  3 wights (D:12)
  2 spriggan skeletons (Lab)
  An elf skeleton (Vaults:4)
  9 crimson imps
  3 giant frog zombies
  5 centaur zombies
  3 fulminant prisms
  2 goliath beetles
  A human simulacrum (Vaults:2)
  6 jellies
  7 centaur skeletons
  A quasit (D:11)
  27 orc priests
  13 hounds
  38 orc wizards
  2 giant frog skeletons
  Natasha (twice) (D:4)
  13 iguanas
  6 hell rats (Lair:2)
  13 worker ants
  7 sheep
  A killer bee zombie (D:9)
  3 ogre zombies (D:12)
  Ijyb (D:3)
  An ogre skeleton (Lab)
  A hound zombie (D:10)
  A mummy (D:7)
  4 worker ant zombies
  Robin (D:2)
  39 river rats
  A shadow imp (D:5)
  21 adders
  9 gnolls
  2 giant mites
  A worm (D:4)
  7 ufetubi (D:11)
  2 adder zombies
  An adder skeleton (D:7)
  6 giant geckos
  204 orcs
  4 ball pythons
  17 bats
  3 giant cockroaches
  32 goblins
  20 hobgoblins
  12 jackals
  10 quokkas
  6 giant newts
  2 giant spores
  A goblin skeleton (D:12)
  A goblin zombie (D:12)
  A hobgoblin zombie (D:12)
  A jackal zombie (D:7)
  21 kobolds
  An orc skeleton (D:12)
  16 orc zombies
  A quokka zombie (D:6)
  17 rats
  9 ballistomycetes
  A butterfly (Lair:6)
  2 crawling corpses (Vaults:4)
  A fungus (Swamp:1)
  A plant (D:11)
  A toadstool (D:1)
1840 creatures vanquished.

Vanquished Creatures (others)
  A kobold demonologist (D:11)
  2 nagas
  A swamp drake (Swamp:2)
  42 fulminant prisms
  2 gnolls (D:11)
  2 giant spores (D:14)
  A kobold (D:11)
  2 fungi (Lair:8)
  2 plants (Lair:7)
  3 toadstools (D:1)
58 creatures vanquished.

Grand Total: 1898 creatures vanquished

Notes
Turn   | Place    | Note
--------------------------------------------------------------
     0 | D:1      | MDvedh, the Deep Elf Conjurer, began the quest for the Orb.
     0 | D:1      | Reached XP level 1. HP: 10/10 MP: 5/5
   226 | D:1      | Reached XP level 2. HP: 12/15 MP: 6/8
   300 | D:1      | Reached skill level 5 in Conjurations
   679 | D:1      | Learned a level 2 spell: Searing Ray
   821 | D:1      | Reached XP level 3. HP: 19/19 MP: 6/11
  1409 | D:2      | Reached XP level 4. HP: 24/24 MP: 15/15
  1509 | D:2      | Noticed Robin
  1657 | D:2      | Killed Robin
  2266 | D:3      | Noticed Sigmund
  2511 | D:3      | Noticed Zigurun's ghost (average DsWz)
  2692 | D:2      | Reached skill level 6 in Conjurations
  2734 | D:3      | Killed Zigurun's ghost
  2734 | D:3      | Reached skill level 7 in Conjurations
  2734 | D:3      | Reached XP level 5. HP: 16/28 MP: 9/18
  2970 | D:3      | Noticed Ijyb
  2977 | D:3      | Killed Ijyb
  3041 | D:4      | Noticed McCoppin's ghost (average FoHu)
  3045 | D:3      | Reached XP level 6. HP: 28/32 MP: 12/20
  3101 | D:4      | Found Qetur's Armour Boutique.
  3117 | D:4      | Found Strauw's Weapon Shoppe.
  3140 | D:4      | Learned a level 5 spell: Iskenderun's Battlesphere
  3145 | D:4      | Learned a level 4 spell: Iskenderun's Mystic Blast
  3318 | D:4      | Reached skill level 1 in Charms
  3517 | D:4      | Noticed Natasha
  3525 | D:4      | Killed Natasha
  3659 | D:4      | Found Arphuvagom's Distillery.
  3684 | D:4      | Bought a potion of heal wounds for 60 gold pieces
  3684 | D:4      | Bought 2 potions of curing for 72 gold pieces
  3708 | D:4      | Reached skill level 8 in Conjurations
  3742 | D:4      | Found Kiteulin's Armour Emporium.
  3764 | D:4      | Killed McCoppin's ghost
  3764 | D:4      | Reached XP level 7. HP: 29/36 MP: 9/22
  3847 | D:4      | Found Olane's Antique Weapon Shoppe.
  3881 | D:4      | Noticed Natasha
  3885 | D:4      | Killed Natasha
  3885 | D:4      | Reached skill level 5 in Charms
  4154 | D:5      | Entered Level 5 of the Dungeon
  4219 | D:5      | Reached skill level 9 in Conjurations
  4424 | D:5      | Reached XP level 8. HP: 34/41 MP: 7/23
  5178 | D:6      | Reached skill level 10 in Conjurations
  5268 | D:6      | Learned a level 4 spell: Fulminant Prism
  5580 | D:6      | Found a basalt altar of Yredelemnul.
  5759 | D:6      | Found a staircase to the Ecumenical Temple.
  5773 | Temple   | Entered the Ecumenical Temple
  5875 | Temple   | Became a worshipper of Ashenzari the Shackled
  6179 | D:7      | Found Psoem's Book Shop.
  6208 | D:7      | Reached skill level 10 in Charms
  6208 | D:7      | Reached XP level 9. HP: 34/45 MP: 4/25
  6600 | D:7      | Reached skill level 11 in Conjurations
  6634 | D:7      | Reached skill level 5 in Spellcasting
  6731 | D:7      | Identified the Handbook of Summoning
  6860 | D:7      | Found a glowing golden altar of the Shining One.
  7217 | D:7      | Reached skill level 5 in Dodging
  7458 | D:4      | Bought the +0 robe of Eternity {rCorr Int+6 Dex-2} for 260 gold pieces
  7672 | D:8      | Identified the cursed -2 leather armour of Whack-A-Mole {Dex+3}
  7749 | D:8      | HP: 2/45 [orc priest/divine providence (13)]
  7938 | D:8      | Gained mutation: Your muscles are strong. (Str +2) [mutagenic meat]
  7939 | D:8      | Gained mutation: You are dopey. (Int -2) [mutagenic meat]
  7940 | D:8      | Gained mutation: You possess an exceptional clarity of mind. [mutagenic meat]
  8369 | D:8      | Reached XP level 10. HP: 50/50 MP: 19/30
  8698 | D:9      | Noticed Maurice
  8704 | D:9      | Killed Maurice
  8977 | D:9      | Found an iron altar of Okawaru.
  9346 | D:9      | Reached skill level 10 in Spellcasting
  9500 | D:10     | Entered Level 10 of the Dungeon
  9590 | D:10     | Reached skill level 1 in Shields
  9712 | D:10     | Reached skill level 1 in Fighting
  9880 | D:10     | Identified the +3 helmet "Naohorot" {-Tele rPois Slay+5}
  9894 | D:10     | Noticed Sar's ghost (experienced OpSu)
  9900 | D:10     | Killed Sar's ghost
  9965 | D:10     | Noticed Eustachio
  9973 | D:10     | Killed Eustachio
 10202 | D:10     | Noticed Fannar
 10211 | D:10     | Killed Fannar
 10211 | D:10     | Reached XP level 11. HP: 45/58 MP: 11/32
 10286 | D:10     | Found a portal to a secret trove of treasure.
 10539 | D:10     | Noticed a hill giant
 10545 | D:10     | Killed a hill giant
 10811 | D:11     | Reached skill level 5 in Shields
 11184 | D:11     | Reached skill level 10 in Dodging
 11225 | D:11     | Acquired Ashenzari's first power
 11594 | D:11     | Noticed a soul eater
 11781 | D:11     | Found a staircase to the Lair.
 11981 | D:11     | Identified a scroll of acquirement
 12141 | D:12     | Found a labyrinth entrance.
 12159 | Lab      | Entered a labyrinth
 12421 | Lab      | Noticed a minotaur
 12440 | Lab      | Killed a minotaur
 12551 | Lab      | Got the uncursed cloak "Wodoc" {rPois Slay+3}
 12559 | Lab      | Identified the Guide on the Helpful Traveller
 12574 | D:12     | Killed an unseen horror
 12586 | D:12     | Learned a level 3 spell: Flight
 12592 | D:12     | Learned a level 5 spell: Fireball
 12612 | D:12     | Learned a level 6 spell: Bolt of Fire
 12638 | D:12     | Identified the +2 cloak "Wodoc" {rPois Slay+3} (You found it in a labyrinth)
 12689 | D:12     | Reached skill level 5 in Fighting
 12689 | D:12     | Reached skill level 1 in Fire Magic
 12695 | D:12     | Found a staircase to the Orcish Mines.
 12753 | Lair:1   | Entered Level 1 of the Lair of Beasts
 13072 | Lair:1   | Got the uncursed pair of boots "Igoeb" {rF+ MP+9}
 13079 | Lair:1   | Identified the +1 pair of boots "Igoeb" {rF+ MP+9} (You found it on level 1 of the Lair of Beasts)
 13217 | Lair:1   | Reached XP level 12. HP: 49/68 MP: 33/33
 13291 | Lair:1   | Reached skill level 1 in Short Blades
 13719 | Lair:2   | Acquired Ashenzari's second power
 13805 | Lair:2   | Identified Pnets' Reference Book on Transformation and Orientation
 14408 | Lair:2   | Reached skill level 5 in Fire Magic
 14704 | Lair:3   | Noticed Gastronok
 14714 | Lair:3   | Killed Gastronok
 14774 | Lair:3   | Acquired Ashenzari's third power
 15029 | Lair:3   | Noticed Erica
 15039 | Lair:3   | Killed Erica
 15039 | Lair:3   | Reached skill level 12 in Dodging
 15772 | Lair:4   | Noticed a six-headed hydra
 15777 | Lair:4   | Killed a six-headed hydra
 16544 | Lair:5   | Acquired Ashenzari's fourth power
 16635 | Lair:5   | Found a staircase to the Snake Pit.
 16794 | Lair:5   | Reached XP level 13. HP: 76/76 MP: 34/34
 17062 | Lair:5   | Found a staircase to the Swamp.
 17122 | Lair:5   | Noticed a five-headed hydra
 17128 | Lair:5   | Killed a five-headed hydra
 17542 | Lair:5   | Noticed Maud
 17551 | Lair:5   | Killed Maud
 18074 | Lair:6   | Reached skill level 13 in Dodging
 18166 | Lair:6   | Reached skill level 10 in Fire Magic
 18363 | Lair:6   | Identified the +1 chain mail "Reolyn" {Str+4 Int+2 SInv}
 18772 | Lair:6   | Found a viscous altar of Jiyva.
 18773 | Lair:6   | Found a staircase to the Slime Pits.
 19275 | Lair:7   | Found a frozen archway.
 19436 | IceCv    | Entered an ice cave
 19894 | Lair:7   | Reached XP level 14. HP: 72/84 MP: 35/36
 20569 | Lair:8   | Entered Level 8 of the Lair of Beasts
 21295 | Lair:8   | Reached skill level 14 in Dodging
 22190 | Lair:8   | Found a burning altar of Makhleb.
 22502 | Lair:8   | Found a gateway to Hell.
 22514 | Lair:8   | Identified the cursed +0 cloak of Smualot {-Cast rElec rF+ Str+3 Dex-2} (You found it on level 8 of the Lair of Beasts)
 23329 | D:12     | Noticed an obsidian statue
 23794 | D:12     | Noticed Sonja
 23795 | D:12     | Killed Sonja
 24135 | D:12     | Noticed a hill giant
 24140 | D:12     | Killed a hill giant
 24364 | D:12     | Learned a level 5 spell: Ignite Poison
 24408 | Orc:1    | Entered Level 1 of the Orcish Mines
 24513 | Orc:1    | Found a flagged portal.
 24536 | Bailey   | Entered a bailey
 24774 | Bailey   | Reached skill level 1 in Transmutations
 24998 | Orc:1    | Noticed Joseph
 25010 | Orc:1    | Killed Joseph
 25115 | Orc:1    | Noticed Blork the orc
 25117 | Orc:1    | Killed Blork the orc
 25117 | Orc:1    | Reached XP level 15. HP: 90/90 MP: 37/37
 25583 | Orc:2    | Found Noot's Book Boutique.
 25620 | Orc:2    | Found a roughly hewn altar of Beogh.
 25898 | Orc:3    | Found a staircase to the Elven Halls.
 26138 | Orc:3    | Noticed Josephine
 26144 | Orc:3    | Killed Josephine
 26746 | Orc:4    | Entered Level 4 of the Orcish Mines
 26917 | Orc:4    | Found Creub's General Store.
 27274 | Orc:4    | Found Ceih's Antique Weapon Emporium.
 27573 | Orc:4    | Found Ogaip's Antique Armour Emporium.
 27590 | Orc:4    | Bought a glowing robe for 12 gold pieces
 27896 | Orc:4    | Found Deimn's Jewellery Emporium.
 27909 | Orc:4    | Bought the brooch of Shielding {Ward rN+ AC+4 EV+4} for 834 gold pieces
 28351 | D:12     | Identified the cursed +2 dagger "Cifac" {pierce, MR- Str+5 Stlth+} (You took it off an orc on level 12 of the Dungeon)
 28509 | D:13     | Found a basalt altar of Yredelemnul.
 28560 | D:13     | Gained mutation: Your muscles are very strong. (Str +4) [potion of beneficial mutation]
 28608 | D:13     | Found a shimmering altar of Xom.
 28797 | D:13     | Reached skill level 15 in Dodging
 29189 | D:13     | Found a gate to the Vaults.
 29312 | D:13     | Noticed Urug
 29314 | D:13     | Killed Urug
 29615 | D:14     | Found a gate to the Vaults.
 29791 | D:14     | Reached skill level 10 in Fighting
 29990 | D:14     | Noticed Rupert
 29995 | D:14     | Killed Rupert
 30259 | D:14     | HP: 4/92 [white ugly thing (19)]
 30946 | D:14     | Reached XP level 16. HP: 84/97 MP: 39/39
 30965 | D:14     | Learned a level 7 spell: Ring of Flames
 31028 | D:15     | Entered Level 15 of the Dungeon
 31389 | D:15     | Identified the cursed +2 pair of gloves "Zogyu" {Contam rElec Str+2 Dex+2} (You acquired it on level 15 of the Dungeon)
 31782 | D:15     | Found a staircase to the Depths.
 32817 | Swamp:1  | Entered Level 1 of the Swamp
 33094 | Swamp:1  | Noticed Agnes
 33100 | Swamp:1  | Killed Agnes
 33388 | Swamp:1  | Noticed Roxanne
 33883 | Swamp:1  | Reached skill level 16 in Dodging
 34072 | Swamp:2  | Noticed Nessos
 34079 | Swamp:2  | Killed Nessos
 36023 | Swamp:4  | Reached skill level 15 in Spellcasting
 36537 | Swamp:5  | Entered Level 5 of the Swamp
 36815 | Swamp:5  | Reached XP level 17. HP: 94/104 MP: 8/40
 37155 | Swamp:5  | Got a decaying rune of Zot
 37405 | Snake:1  | Entered Level 1 of the Snake Pit
 39113 | Snake:2  | Noticed Vashnia
 39122 | Snake:2  | Reached skill level 15 in Fire Magic
 39123 | Snake:2  | Killed Vashnia
 39123 | Snake:2  | Reached skill level 17 in Dodging
 39377 | Snake:2  | Noticed Aizul
 39384 | Snake:2  | Killed Aizul
 39950 | Snake:3  | Found Kakajen's Jewellery Boutique.
 40022 | Snake:3  | Found Fryr's Distillery.
 40182 | Snake:3  | Bought a potion of beneficial mutation for 630 gold pieces
 40182 | Snake:3  | Bought a potion of haste for 180 gold pieces
 40182 | Snake:3  | Bought a potion of curing for 54 gold pieces
 40182 | Snake:3  | Bought a potion of haste for 180 gold pieces
 40182 | Snake:3  | Bought a potion of haste for 180 gold pieces
 40182 | Snake:3  | Bought a potion of curing for 54 gold pieces
 40182 | Snake:3  | Gained mutation: You can breathe flames. [potion of beneficial mutation]
 40227 | Snake:3  | Found Konkapa's Gadget Emporium.
 40306 | Snake:3  | Found Rirhof Xaica's Assorted Antiques.
 40425 | Snake:3  | Bought a glowing robe for 25 gold pieces
 40512 | Snake:3  | Found Pojamer's Assorted Antiques.
 40990 | Snake:3  | Identified the +1 pair of gloves of Lugonu's Favour {rC+ MR+ Str+4 Stlth-}
 41944 | Snake:5  | Entered Level 5 of the Snake Pit
 41946 | Snake:5  | Noticed Snorg
 41950 | Snake:5  | Killed Snorg
 41950 | Snake:5  | Reached XP level 18. HP: 62/112 MP: 7/42
 42145 | Snake:5  | Noticed Nikola
 42152 | Snake:5  | Killed Nikola
 42152 | Snake:5  | Reached skill level 15 in Conjurations
 42558 | Snake:5  | Identified Mnupogonwepn's Guide on Blistering Confrontation
 43683 | Snake:5  | Reached skill level 18 in Dodging
 44484 | Snake:5  | Got a serpentine rune of Zot
 45093 | Vaults:1 | Entered Level 1 of the Vaults
 45174 | Vaults:1 | Noticed Saint Roka
 45990 | D:7      | Bought a book of Annihilations for 1545 gold pieces
 46000 | D:7      | Learned a level 9 spell: Fire Storm
 46226 | Vaults:1 | Killed Saint Roka
 46440 | Vaults:1 | Reached XP level 19. HP: 110/118 MP: 31/43
 46473 | Vaults:1 | Noticed Wiglaf
 46476 | Vaults:1 | Killed Wiglaf
 47950 | Vaults:1 | Found Dufon's Antique Weapon Emporium.
 49654 | Vaults:2 | Gained mutation: You are robust (+10% HP). [mutagenic meat]
 49655 | Vaults:2 | Gained mutation: Your spells are a little easier to cast, but a little less powerful. [mutagenic meat]
 49657 | Vaults:2 | Gained mutation: You can translocate small distances at will. [mutagenic meat]
 49659 | Vaults:2 | Lost mutation: You are robust (+10% HP). [mutagenic meat]
 49661 | Vaults:2 | Lost mutation: You possess an exceptional clarity of mind. [mutagenic meat]
 49665 | Vaults:2 | Gained mutation: You can spit poison. [mutagenic meat]
 49667 | Vaults:2 | Gained mutation: You expend magic power (3 MP) to slightly strengthen your wands. [mutagenic meat]
 49668 | Vaults:2 | Gained mutation: Your body is slowly deteriorating. [mutagenic meat]
 49669 | Vaults:2 | Lost mutation: You can spit poison. [potion of cure mutation]
 49669 | Vaults:2 | Lost mutation: Your muscles are very strong. (Str +4) [potion of cure mutation]
 49669 | Vaults:2 | Lost mutation: You expend magic power (3 MP) to slightly strengthen your wands. [potion of cure mutation]
 49669 | Vaults:2 | Lost mutation: Your muscles are strong. (Str +2) [potion of cure mutation]
 49970 | Vaults:2 | Reached skill level 19 in Dodging
 49974 | Vaults:2 | Found Cijunut's Weapon Shop.
 50045 | Vaults:2 | Gained mutation: You are clumsy. (Dex -2) [mutagenic meat]
 50046 | Vaults:2 | Gained mutation: Your natural rate of healing is unusually fast. [mutagenic meat]
 50047 | Vaults:2 | Gained mutation: Your magical capacity is low (-10% MP). [mutagenic meat]
 50142 | Vaults:2 | Gained mutation: You are very clumsy. (Dex -4) [mutagenic meat]
 50143 | Vaults:2 | Lost mutation: Your spells are a little easier to cast, but a little less powerful. [mutagenic meat]
 50683 | Vaults:3 | Found Eduuxzou's Jewellery Shop.
 50984 | Vaults:3 | Reached XP level 20. HP: 124/124 MP: 5/39
 52628 | Vaults:3 | Found a staircase to the Crypt.
 52804 | Vaults:4 | Found Onwid's Book Emporium.
 54175 | Vaults:3 | Killed from afar by a frost giant

Action                   |  1- 3 |  4- 6 |  7- 9 | 10-12 | 13-15 | 16-18 | 19-21 || total
-------------------------+-------+-------+-------+-------+-------+-------+-------++-------
Melee: Unarmed           |     8 |       |       |       |       |       |       ||     8
       Short sword       |    21 |    78 |   195 |   148 |   711 |   609 |   724 ||  2486
 Cast: Magic Dart        |    62 |    36 |   146 |   348 |   654 |   424 |    65 ||  1735
       Searing Ray       |     2 |    19 |    43 |    25 |       |       |       ||    89
       Iskenderun's Myst |       |     4 |    12 |    38 |    90 |    61 |    13 ||   218
       Iskenderun's Batt |       |       |     5 |    63 |   103 |    75 |    17 ||   263
       Fulminant Prism   |       |       |     3 |    25 |    17 |       |       ||    45
       Fireball          |       |       |       |     1 |     5 |     3 |       ||     9
       Flight            |       |       |       |     1 |     1 |       |       ||     2
       Bolt of Fire      |       |       |       |       |   139 |   130 |   137 ||   406
       Ring of Flames    |       |       |       |       |       |    88 |    70 ||   158
       Ignite Poison     |       |       |       |       |       |    79 |       ||    79
       Fire Storm        |       |       |       |       |       |       |     1 ||     1
Evoke: Wand              |       |       |       |       |     1 |       |       ||     1
  Use: Scroll            |       |    10 |    11 |    16 |    12 |    15 |     5 ||    69
       Potion            |       |       |     3 |     1 |     1 |     3 |     2 ||    10
 Stab: Sleeping          |     2 |     2 |     4 |     2 |    15 |     6 |     6 ||    37
       Distracted        |       |       |       |       |     1 |     2 |     1 ||     4
  Eat: Chunk             |     1 |     7 |    11 |    20 |    27 |     5 |    28 ||    99
       Pizza             |       |     1 |       |       |       |     4 |       ||     5
       Fruit             |       |       |     4 |     2 |     7 |     5 |     4 ||    22
       Meat ration       |       |       |     1 |     1 |     1 |     6 |     3 ||    12
       Beef jerky        |       |       |     1 |     3 |     5 |     4 |     1 ||    14
       Bread ration      |       |       |       |     1 |     5 |     2 |       ||     8
       Royal jelly       |       |       |       |       |     2 |     1 |       ||     3
